 Dungeon Crawl Stone Soup version 0.25.0-45-g978344163c (webtiles) character file.

Game seed: 1546963664238820165

919 Curus the Spear-Bearer (level 7, 0/57 HPs)
             Began as a Minotaur Fighter on July 11, 2020.
             Succumbed to an orc wizard's poison
             ... on level 5 of the Dungeon.
             The game lasted 00:18:30 (3547 turns).

Curus the Spear-Bearer (Minotaur Fighter)           Turns: 3547, Time: 00:18:31

Health: 0/57       AC:  9    Str: 21    XL:     7   Next: 83%
Magic:  6/6        EV:  5    Int:  7    God:
Gold:   243        SH: 16    Dex:  9    Spells: 6/6 levels left

rFire    . . .     SeeInvis .   a - +0 trident
rCold    . . .     Gourm    .   c - +2 kite shield
rNeg     . . .     Faith    .   e - +0 chain mail
rPois    .         Spirit   .   (helmet unavailable)
rElec    .         Reflect  +   (no cloak)
rCorr    .         Harm     .   (no gloves)
MR       .....     Rnd*Rage +   (no boots) Stlth ..........Rnd*Tele +
                                j - amulet of reflection
HPRegen  0.19/turn              q - -4 ring of slaying (curse)
MPRegen  0.10/turn              o - ring of teleportation (curse)

@: lethally poisoned (0 -> -11), lightly drained
A: retaliatory headbutt, horns 3, talons 1, berserk 1
a: no special abilities


You were on level 5 of the Dungeon.
You were near starving.

You visited 1 branch of the dungeon, and saw 5 of its levels.

You collected 243 gold pieces.

Inventory:

Hand Weapons
 a - a +0 trident (weapon)
Armour
 b - a +0 scale mail
 c - a +2 kite shield (worn)
 e - a +0 chain mail (worn)
Jewellery
 i - a +6 ring of strength
 j - an amulet of reflection (around neck)
 o - a cursed ring of teleportation (right hand)
 q - a cursed -4 ring of slaying (left hand)
Scrolls
 g - 3 scrolls of amnesia
 h - 2 scrolls of identify
 l - a scroll of teleportation
Potions
 d - 2 potions of might
 k - a potion of cancellation
 m - 2 potions of stabbing
Comestibles
 f - 8 rations


   Skills:
 - Level 3.6(3.1) Fighting
 + Level 10.9(10.2) Polearms
 - Level 3.6(3.1) Armour
 - Level 3.6(3.1) Shields


You had 6 spell levels left.
You didn't know any spells.
Your spell library was empty.

Dungeon Overview and Level Annotations

Branches:
Dungeon (5/15)
 Temple: D:4-7

Altars:
Ru
Uskayaw

Shops:
D:4 =

Annotations:
D:3 1 runed translucent door, Teivard's ghost, amateur HuSk


Innate Abilities, Weirdness & Mutations

You reflexively headbutt those who attack you in melee.
You have a pair of large horns on your head.
You have sharp toenails.
You tend to lose your temper in combat.


Message History

The orc wizard casts a spell.
The orc wizard blinks!
* * * LOW HITPOINT WARNING * * *
You feel sick.
Attack whom?
Press: ? - help, Dir - move target cursor, f - orc wizard
Aim: an orc wizard, wielding a +0 dagger and wearing a +0 robe (severely wounded)
You reach to attack!
You closely miss the orc wizard.
The orc wizard is severely wounded.
* * * LOW HITPOINT WARNING * * *
You feel sick.
You puncture the orc wizard!
You kill the orc wizard!
* * * LOW HITPOINT WARNING * * *
You feel sick.
* * * LOW HITPOINT WARNING * * *
You feel sick.
* * * LOW HITPOINT WARNING * * *
You feel sick.
You die...

#%#### #....
...$ # #..#.#
#..#.##
###.....#
#.).)...#
#.####.#)###.#
#...?@...#
######<..#
#....)#
#......#
#..?.....#
......#.###
###..###.#
#..# .# #..#
.#


There were no monsters in sight!

Vanquished Creatures
  3 ogres (D:4)
  A big kobold (D:4)
  A scorpion (D:4)
  A crimson imp (D:4)
  A hound (D:4)
  2 orc priests
  A centaur skeleton (D:4)
  7 orc wizards
  4 worker ants (D:4)
  5 adders
  A worm (D:2)
  A dart slug (D:4)
  17 orcs
  A giant cockroach (D:4)
  4 goblins
  3 hobgoblins
  7 jackals
  10 kobolds
  2 quokkas (D:4)
  A ball python (D:3)
  3 bats
  3 frilled lizards
  A jackal skeleton (D:4)
  A quokka skeleton (D:4)
  4 rats
85 creatures vanquished.

Notes
Turn   | Place    | Note
-------+----------+-------------------------------------------
     0 | D:1      | Curus the Minotaur Fighter began the quest for the Orb.
     0 | D:1      | Reached XP level 1. HP: 19/19 MP: 0/0
   229 | D:1      | Reached skill level 3 in Polearms
   386 | D:1      | Reached XP level 2. HP: 26/26 MP: 1/1
   612 | D:2      | Reached skill level 4 in Polearms
   612 | D:2      | Reached XP level 3. HP: 31/31 MP: 2/2
   622 | D:2      | Reached skill level 5 in Polearms
   630 | D:2      | Reached XP level 4. HP: 25/39 MP: 3/3
   786 | D:2      | Gained mutation: You tend to lose your temper in combat.
                  | [potion of mutation]
   786 | D:2      | Gained mutation: You have a pair of large horns on your
                  | head. [potion of mutation]
   786 | D:2      | Gained mutation: You have sharp toenails. [potion of
                  | mutation]
   845 | D:2      | Reached skill level 6 in Polearms
  1038 | D:2      | Reached XP level 5. HP: 45/45 MP: 4/4
  1137 | D:2      | Found a hide-covered altar of Uskayaw.
  1339 | D:3      | Noticed Teivard's ghost (amateur HuSk)
  1345 | D:3      | Found a runed translucent door.
  1999 | D:4      | Reached skill level 7 in Polearms
  2003 | D:4      | Noticed an ogre
  2004 | D:4      | Noticed an ogre
  2011 | D:4      | Killed an ogre
  2011 | D:4      | Reached XP level 6. HP: 48/51 MP: 5/5
  2012 | D:4      | Reached skill level 8 in Polearms
  2141 | D:4      | Reached skill level 9 in Polearms
  2170 | D:4      | Reached XP level 7. HP: 8/57 MP: 6/6
  2223 | D:4      | HP: 2/57 [orc/+0 trident (4)]
  2537 | D:4      | Found Vuorphalar's Jewellery Shoppe.
  2644 | D:4      | Reached skill level 10 in Polearms
  3200 | D:4      | Found a sacrificial altar of Ru.
  3513 | D:5      | Entered Level 5 of the Dungeon
  3544 | D:5      | HP: 2/57 [poisoned by an orc wizard]
  3547 | D:5      | Succumbed to an orc wizard's poison

Illustrated notes

Levels and vault maps discovered:
D:1:      minmay_arrival_hallway, layout_basic
D:2:      layout_rooms, nicolae_overflow_crystal_walls, first_ration
D:3:      layout_loops_cross, hellmonk_ghost_happy_afterlife
D:4:      layout_cave_pods, kennysheep_mini, serial_shops,
          nicolae_shop_statue_plus, serial_park, serial_park_avenue1,
          serial_park_avenue1, serial_park_square3
          [serial_park_minivault_5x5_8], serial_park_tiny_pond,
          serial_park_tiny_1, serial_park_square3 [serial_park_minivault_5x5_1],
          serial_park_tiny_pond
D:5:      layout_loops_ring, evilmike_ruin_ashenzari, kennysheep_small_circle

Skill      XL: |  1  2  3  4  5  6  7 |
---------------+----------------------+-----
Polearms       | 3 4 5 6 7 9 10 | 10.9
Fighting       | |  3.6
Armour         | |  3.6
Shields        | |  3.6

Action                   |  1- 3 |  4- 6 |  7- 9 || total
-------------------------+-------+-------+-------++-------
Melee: Trident           |    48 |   118 |   133 ||   299
       Headbutt          |     4 |    24 |    18 ||    46
       Kick              |       |    20 |    23 ||    43
  Use: Scroll            |     5 |     4 |     1 ||    10
       Potion            |     3 |     7 |       ||    10
  Eat: Chunk             |       |     4 |     3 ||     7
Armor: Scale mail        |    12 |    26 |     4 ||    42
       Chain mail        |       |       |    36 ||    36
Dodge: Dodged            |     8 |    16 |     8 ||    32
Block: Kite shield       |    18 |    87 |    90 ||   195
       Reflection        |       |     2 |     3 ||     5
